 Dungeon Crawl Stone Soup version 0.31-a0-1010-g5322dac6a2 (webtiles) character file.

Game seed: 12103111245810115139

254 kae the Changeling (level 5, 0/39 HPs)
             Began as a Demigod Shapeshifter on Nov 16, 2023.
             Slain by an orc
             ... wielding a +0 trident
              (6 damage)
             ... on level 3 of the Dungeon.
             The game lasted 00:03:00 (3302 turns).

kae the Changeling (Demigod Shapeshifter)           Turns: 3302, Time: 00:03:01

Health: 0/39       AC:  3    Str: 15    XL:     5   Next: 59%
Magic:  7/7        EV: 12    Int: 12    God:
Gold:   189        SH:  0    Dex: 17    Spells: 4/4 levels left

rFire   . .          .
                       - Unarmed
rCold   . . .        (no shield)
rNeg    . . .        a - +1 animal skin
rPois   .            (helmet currently unavailable)
rElec   .            (cloak currently unavailable)
rCorr   .            (gloves currently unavailable)
SInv    .            (boots currently unavailable)
Will    .....        (no amulet)
Stlth   ++           (no ring)
HPRegen 0.26/turn    (no ring)
MPRegen 0.10/turn

%: no passive effects
@: beast-form
A: beast (slay +3), high MP 1, forlorn, divine attributes
a: Begin Untransformation


You were on level 3 of the Dungeon.
You were a hulking beast.
You visited 1 branch of the dungeon, and saw 3 of its levels.
You also visited: Sewer.

You collected 189 gold pieces.


Innate Abilities, Weirdness & Mutations

You are a hulking beast.
Your limbs bulge with bestial killing power. (Slay +3)
You have an increased reservoir of magic. (+10% MP)
You shall have no god before yourself.
Your divine heritage dramatically boosts your attributes as you level up.


   Skills:
 - Level 0.8 Fighting
 - Level 1.7 Dodging
 - Level 2.6 Unarmed Combat
 + Level 5.7 Shapeshifting


You had 4 spell levels left.
You didn't know any spells.
Your spell library contained the following spells:

 Spells                   Type           Power      Damage    Failure   Level
 Sublimation of Blood     Necr           0%         N/A       45%         2
 Wereblood                Tmut           0%         N/A       45%         2
 Summon Hydra             Summ           0%         N/A       100%        7

Inventory:

Missiles
 e - 30 stones
 f - 4 poisoned darts
 g - a throwing net {=f!f}
 i - 8 javelins
Armour
 a - a +1 animal skin (worn)
 b - a +0 pair of gloves
   (You found it in a sewer)
Jewellery
 A - an amulet of the acrobat
   (You found it on level 2 of the Dungeon)
Talismans
 c - a beast talisman
 d - a flux talisman
Scrolls
 h - a scroll of teleportation {@r4}
 j - a scroll of vulnerability {unknown}
Potions
 k - a potion of might {unknown}
 l - 3 potions of mutation {!q}
 m - a potion of resistance
 o - 3 potions of heal wounds {unknown}

Dungeon Overview and Level Annotations

Branches:
Dungeon (3/15) Zot: 14988   Sewer (visited)

Annotations:
D:2 Natasha, Sigmund
D:3 2 transporters

### *********##########.#
,,,,,,,,,....oo)h.$.############
*********##########............#
* #..#########.# *
***********#..# #.# *
*,,,,,,,,,,#..#***#####'##
********,,,,,,,,,,....,,,#.....).
,,,,,,,,,,,,,,,,,.#..##*,#.......
*****##.**,..,,,......,,,+.......
,,,,,...,,..,,,.#,#..#,*,#.......


You could see an orc priest and an orc.


Message History

Moving in this stuff is going to be slow.
You see here a river rat skeleton.
You enter the shallow water.
Moving in this stuff is going to be slow.
You enter the shallow water.
Moving in this stuff is going to be slow.
You enter the shallow water.
Moving in this stuff is going to be slow.
You enter the shallow water.
Moving in this stuff is going to be slow.
You now have 177 gold pieces (gained 5).
You now have 181 gold pieces (gained 4).
h - a scroll of teleportation {@r4}
Found a stone staircase leading up.
Key pressed, stopping explore.
No target in view!
No target in view!
You now have 189 gold pieces (gained 8).
As you open the door, it creaks loudly!
No target in view!
No target in view!
There is an open door here.
A kobold comes into view. It is wielding a +0 dagger.
A kobold is nearby!
A kobold is nearby!
The kobold shouts!
The kobold throws a stone.
The stone closely misses you. The kobold hits you but does no damage.
You hit the kobold. The kobold misses you.
You miss the kobold. The kobold closely misses you.
A kobold is nearby!
You hit the kobold.
You kill the kobold!
No target in view!
e - 30 stones (gained 2)
You see here a +0 dagger.
Found a stone staircase leading down.
No target in view!
No target in view!
j - a scroll labelled ZEJ SEQUNO No target in view!
No target in view!
You pick up a book of Blood and begin reading...
You add the spells Sublimation of Blood, Wereblood and Summon Hydra to your library.
You open the door.
There is an open door here.
Key pressed, stopping explore.
No target in view!
No target in view!
An orc comes into view. It is wielding a +0 trident.
The orc shouts!
An orc comes into view.
It is wielding a +0 hand axe of flaming.
You see here 10 gold pieces.
An orc priest comes into view. It is wielding a +0 morningstar.
The orc shouts!
There are monsters nearby!
The orc closely misses you.
You barely miss the orc. The orc barely misses you.
There are monsters nearby!
The orc priest shouts!
You hit the orc. You hit the orc. You barely miss the orc.
The orc hits you from afar with a +0 trident.
You hit the orc. The orc closely misses you. x2 😕 HP[-4]
You take 4 damage, and now have 35/39 hp.
Unknown command.
You hit the orc but do no damage. The orc hits you but does no damage.
The orc completely misses you.
You barely miss the orc. The orc closely misses you.
The orc hits you with a +0 hand axe of flaming.
The orc burns you.
You barely miss the orc. The orc hits you but does no damage.
The orc hits you with a +0 hand axe of flaming.
The orc burns you. 😮 HP[-9]
You take 9 damage, and now have 26/39 hp.
MASSIVE DAMAGE!! (PAUSE)
You hit the orc.
The orc hits you with a +0 hand axe of flaming.
The orc burns you. The orc barely misses you. 😮 HP[-3]
You take 3 damage, and now have 23/39 hp.
Unknown command.
You hit the orc but do no damage. The orc barely misses you.
The orc hits you with a +0 hand axe of flaming.
* * * LOW HITPOINT WARNING * * *
The orc burns you.
* * * LOW HITPOINT WARNING * * *
😨 HP[-9]
You take 9 damage, and now have 14/39 hp.
MASSIVE DAMAGE!! (PAUSE)
You hit the orc.
You kill the orc!
The orc priest invokes the aid of Beogh against you.
Beogh smites you!
* * * LOW HITPOINT WARNING * * *
The orc hits you from afar with a +0 trident.
You die...

Skill      XL: |  1  2  3  4 |
---------------+-------------+-----
Shapeshifting  | 3 4 5 |  5.7
Fighting       | |  0.8
Dodging        | |  1.7
Unarmed Combat | |  2.6

Action                     |  1- 3 |  4- 6 || total
---------------------------+-------+-------++-------
  Melee: Unarmed           |   173 |   155 ||   328
         Punch             |     1 |     1 ||     2
    Use: Scroll            |       |     9 ||     9
         Potion            |       |     2 ||     2
   Stab: Sleeping          |     2 |     5 ||     7
         Invisible         |       |     3 ||     3
 Armour: Animal skin       |    82 |    69 ||   151
         Skin              |       |    48 ||    48
  Dodge: Dodged            |    99 |    95 ||   194

Levels and vault maps discovered:
D:1:      dpeg_arrival_connections, layout_loops_cross,
          shapermc_ecumenical_altar_flowoftime, minmay_lizard_king
D:2:      layout_loops_ring, minmay_tetromino_i4, uniq_natasha, uniq_robin,
          uniq_sigmund
D:3:      gammafunk_steamed_eel, layout_basic, gup_sewer_entry_spiral,
          kennysheep_generic_room_16

Notes
Turn   | Place    | Note
-------+----------+-------------------------------------------
     0 | D:1      | kae the Demigod Shapeshifter began the quest for the Orb.
     0 | D:1      | Reached XP level 1. HP: 15/15 MP: 3/3
     0 | D:1      | magus.rc [v1.11.3]
    71 | D:1      | Reached skill level 3 in Shapeshifting
   133 | D:1      | Reached XP level 2. HP: 17/22 MP: 4/4
  1081 | D:2      | Noticed Robin
  1094 | D:1      | Reached XP level 3. HP: 13/27 MP: 5/5
  1245 | D:1      | Killed Robin
  1246 | D:1      | Reached skill level 4 in Shapeshifting
  1431 | D:2      | HP: 6/27 [poisoned by an adder]
  1613 | D:2      | Noticed Sigmund
  1655 | D:2      | Reached XP level 4. HP: 13/34 MP: 6/6
  1659 | D:2      | HP: 8/34 [poisoned by an adder]
  1879 | D:2      | Noticed Natasha
  2620 | D:3      | Found a transporter.
  2714 | D:3      | Reached skill level 5 in Shapeshifting
  2817 | D:3      | Found a glowing drain.
  2821 | Sewer    | Entered a sewer
  2829 | Sewer    | Reached XP level 5. HP: 35/39 MP: 7/7
  2870 | Sewer    | Noticed Pargi
  3012 | Sewer    | Killed Pargi
  3244 | D:3      | Found a transporter.
  3268 | D:3      | You pick up a book of Blood and begin reading...
  3268 | D:3      | You add the spells Sublimation of Blood, Wereblood and
                  | Summon Hydra to your library.
  3302 | D:3      | HP: 6/39 [orc priest/divine providence (9)]
  3302 | D:3      | Slain by an orc

Vanquished Creatures
  Pargi (Sewer)
  Robin (D:1)
  2 adders (D:2)
  4 gnolls (D:3)
  A river rat (D:3)
  2 worms
  An orc (D:3)
  5 ball pythons (D:1)
  6 endoplasms
  2 giant cockroaches
  12 goblins
  5 hobgoblins
  6 jackals
  5 quokkas
  3 bats (D:2)
  11 frilled lizards
  10 kobolds
  4 rats
81 creatures vanquished.

Table legend:
 A = Non-vault XP
 B = Vault XP
 C = Vault XP percentage of total XP
 D = Non-vault monster count
 E = Vault monster count
 F = Vault count percentage of total count
                 A         B        C        D         E       F
            +---------+---------+-------+---------+---------+-------
      Total |     161 |     205 |  56.0 |      48 |      33 |  40.7
            +---------+---------+-------+---------+---------+-------
        D:1 |      37 |      35 |  48.6 |      21 |      14 |  40.0
        D:2 |      61 |      13 |  17.6 |      20 |       7 |  25.9
        D:3 |      63 |      26 |  29.2 |       7 |       7 |  50.0
      Sewer |       0 |     131 | 100.0 |       0 |       5 | 100.0
            +---------+---------+-------+---------+---------+-------

Skill      XL: |  1  2  3  4 |
---------------+-------------+-----
Shapeshifting  | 3 4 5 |  5.7
Fighting       | |  0.8
Dodging        | |  1.7
Unarmed Combat | |  2.6

Action                     |  1- 3 |  4- 6 || total
---------------------------+-------+-------++-------
  Melee: Unarmed           |   173 |   155 ||   328
         Punch             |     1 |     1 ||     2
    Use: Scroll            |       |     9 ||     9
         Potion            |       |     2 ||     2
   Stab: Sleeping          |     2 |     5 ||     7
         Invisible         |       |     3 ||     3
 Armour: Animal skin       |    82 |    69 ||   151
         Skin              |       |    48 ||    48
  Dodge: Dodged            |    99 |    95 ||   194

Illustrated notes

Table legend:
 A = Kills in this place as a percentage of kills in the entire game.
 B = Kills by you in this place as a percentage of kills by you in the entire game.
 C = Kills by friends in this place as a percentage of kills by friends in the entire game.
 D = Other kills in this place as a percentage of other kills in the entire game.
 E = Experience gained in this place as a percentage of experience gained in the entire game.
 F = Experience gained in this place divided by the number of levels of this place that you have seen.
                   A       B       C       D       E      F
               +-------+-------+-------+-------+-------+----------------------
         Total | 100.0 | 100.0 |   N/A |   N/A | 100.0 |  91.5
       Dungeon |  93.8 |  93.8 |   N/A |   N/A |  64.2 |  78.3
         Sewer |   6.2 |   6.2 |   N/A |   N/A |  35.8 | 131.0
               +-------+-------+-------+-------+-------+----------------------

Table legend: (Time is in decaauts)
 A = Elapsed time spent in this place.
 B = Non-inter-level travel time spent in this place.
 C = Inter-level travel time spent in this place.
 D = Time resting spent in this place.
 E = Time spent auto-exploring this place.
 F = Levels seen in this place.
 G = Mean time per level.
                   A        B        C        D        E       F      G
               +--------+--------+--------+--------+--------+-----+--------+
         Total |   3328 |   3189 |    139 |    347 |   2163 |   4 |  832.0 |
       Dungeon |   3010 |   2871 |    139 |    250 |   2031 |   3 | 1003.3 |
         Sewer |    318 |    318 |      0 |     97 |    132 |   1 |  318.0 |
               +--------+--------+--------+--------+--------+-----+--------+

Top non-repeatable levels by time:
     D:1: 1306 daAuts
     D:2: 1302 daAuts
     D:3: 401 daAuts
   Sewer: 318 daAuts
